 Dungeon Crawl Stone Soup version 0.26.0-20-g3ca415f5b8 (webtiles) character file.

Game seed: 11810158946282984404

98 kaeus the Firebug (level 4, 0/24 HPs)
             Began as a Gargoyle Fire Elementalist on Jan 26, 2021.
             Slain by Natasha (3 damage)
             ... on level 2 of the Dungeon.
             The game lasted 00:01:09 (2102 turns).

kaeus the Firebug (Gargoyle Fire Elementalist)      Turns: 2102, Time: 00:01:09

Health: 0/24       AC:  7    Str: 11    XL:     4   Next: 69%
Magic:  5/7        EV: 12    Int: 17    God:
Gold:   111        SH:  0    Dex: 10    Spells: 7/8 levels left

rFire    . . .     SeeInvis .   e - +0 whip
rCold    . . .     Faith    .   (no shield)
rNeg     + . .     Spirit   .   a - +0 robe
rPois    ∞         Reflect  .   (no helmet)
rElec    +         Harm     .   (no cloak)
rCorr    .         Rampage  .   g - +0 pair of gloves
Will     .....                  f - +0 pair of boots (curse)
Stlth    ++........             (no amulet)
HPRegen  0.08/turn              (no ring)
MPRegen  0.10/turn              (no ring)

@: no status effects
A: negative energy resistance 1, electricity resistance, unbreathing,
petrification resistance, miasma immunity, AC +3
a: no special abilities


You were on level 2 of the Dungeon.
You visited 1 branch of the dungeon, and saw 2 of its levels.

You collected 111 gold pieces.

Inventory:

Hand Weapons
 e - a +0 whip (weapon)
Armour
 a - a +0 robe (worn)
 f - a cursed +0 pair of boots (worn)
 g - a +0 pair of gloves (worn)
Jewellery
 i - an uncursed amulet of magic regeneration {unknown}
 j - an uncursed amulet of magic regeneration {unknown}
 k - an uncursed ring of see invisible {unknown}
Scrolls
 c - a scroll of magic mapping {unknown}
 h - a scroll of enchant weapon {unknown}
Potions
 b - a potion of heal wounds {unknown}
 d - a potion of brilliance {unknown}


   Skills:
 - Level 1.5 Dodging
 - Level 2.1 Stealth
 + Level 2.6 Spellcasting
 * Level 3.0 Conjurations
 * Level 4.0 Fire Magic


You had 7 spell levels left.
You knew the following spells:

 Your Spells              Type           Power        Failure   Level
a - Foxfire               Conj/Fire      56%          4%          1

Your spell library contained the following spells:

 Spells                   Type           Power        Failure   Level
 Conjure Flame            Conj/Fire      14%          13%         3
 Inner Flame              Hex/Fire       9%           24%         3
 Sticky Flame             Conj/Fire      14%          38%         4
 Fireball                 Conj/Fire      7%           75%         5


Dungeon Overview and Level Annotations

Branches:
Dungeon (2/15)

Altars:

Annotations:
D:2 Natasha


Innate Abilities, Weirdness & Mutations

You are resistant to torment.
Your stone body is resilient. (AC +3)
You are immune to poison.
You resist negative energy. (rN+)
You are resistant to electric shocks. (rElec)
You can survive without breathing.
You are immune to petrification.
You are immune to miasma.


Message History

You hit Natasha.
Natasha is moderately wounded.
Natasha casts a spell.
The crimson imp hits you.
You take 2 damage, and have 9/24 hp.
You closely miss Natasha.
Natasha is moderately wounded.
The crimson imp barely misses you. Natasha claws you.
* * * LOW HITPOINT WARNING * * *
You take 6 damage, and have 3/24 hp.
MASSIVE DAMAGE!!
You hit Natasha but do no damage.
Natasha is moderately wounded.
The crimson imp hits you but does no damage.
Natasha stares at you and mumbles some strange words.
You resist with some effort.
You closely miss Natasha.
Natasha is moderately wounded.
The crimson imp hits you but does no damage.
Natasha claws you.
You die...

################.#.#
.......... ..... .#
..######.#########.#
#...####.#.......#.#
..#........#####...#
.#######.### #.##.##
## #.# #....# ##
#.#####.######### .#
.........@h5..... .#
#.#####.5##?####. .#
##.# .....# # .# # .
.....###.. .#.#.# #.
##.. .#.#.# .. ..
.#.#.# . ##. .#.#.#
.#.#.#


You could see Natasha, a crimson imp (summoned) and a white imp (summoned).

Vanquished Creatures
  Natasha (twice) (D:2)
  2 adders (D:2)
  A worm (D:2)
  3 leopard geckos
  2 bats (D:1)
  2 giant cockroaches (D:2)
  A hobgoblin (D:1)
  4 jackals (D:2)
  A ball python (D:1)
  4 frilled lizards
  2 goblins
  A kobold (D:1)
  5 rats
30 creatures vanquished.

Vanquished Creatures (others)
  89 foxfires
89 creatures vanquished.

Grand Total: 119 creatures vanquished

Notes
Turn   | Place    | Note
-------+----------+-------------------------------------------
     0 | D:1      | kaeus the Gargoyle Fire Elementalist began the quest for
                  | the Orb.
     0 | D:1      | Reached XP level 1. HP: 10/10 MP: 3/3
   619 | D:1      | Reached XP level 2. HP: 15/15 MP: 0/5
  1286 | D:2      | Reached XP level 3. HP: 7/19 MP: 6/6
  1933 | D:2      | Noticed Natasha
  1937 | D:2      | Killed Natasha
  1938 | D:2      | Reached XP level 4. HP: 24/24 MP: 2/7
  1939 | D:2      | Noticed Natasha
  1945 | D:2      | Killed Natasha
  1946 | D:2      | Reached skill level 4 in Fire Magic
  2083 | D:2      | Noticed Natasha
  2102 | D:2      | Slain by Natasha

Illustrated notes

Levels and vault maps discovered:
D:1:      lightli_arrival_quake, layout_basic
D:2:      cheibrodos_greedy_goblins, layout_loops_ring, serial_co_window_serial,
          co_window_corner_a, co_window_paths_a, co_window_corner_a,
          co_window_paths_a, co_window_cross_1, co_window_of_opportunity_b,
          co_window_broadway_b, co_window_broadway_a, co_window_broadway_c,
          co_window_of_opportunity_b, co_window_unsneaky_path_a,
          co_window_paths_e, co_window_paths_d, glass_columns_b,
          glass_columns_a, glass_columns_b, uniq_natasha

Skill      XL: |  1  2  3  4 |
---------------+-------------+-----
Conjurations   | 2 3 |  3.0
Fire Magic     | 4 |  4.0
Dodging        | |  1.5
Stealth        | |  2.1
Spellcasting   | |  2.6

Action                   |  1- 3 |  4- 6 || total
-------------------------+-------+-------++-------
Melee: Unarmed           |     2 |       ||     2
       Whip              |    44 |    16 ||    60
 Cast: Foxfire           |    53 |    11 ||    64
Armor: Robe              |    24 |     2 ||    26
Dodge: Dodged            |    38 |    11 ||    49
